Map: Triton LE

Players

DPGPartinG (PartinG) - Winner!

  • Race: Protoss Protoss
  • League: Grandmaster
  • Spawn Location: 11:00

JinairRogue (Rogue)

  • Race: Zerg Zerg
  • Spawn Location: 5:00

VOD

Have the link to the VOD?

Description

Time

  • Played on: Jan. 16, 2020, 7:20 a.m.
  • Length: 13:37
Show
View Real Time Build Order
Export as new Build Order

DPGPartinG Protoss - Winner!

Build Orders: 1 Gate Expand 

Get SALT Encoding   

  12  0:00  Probe  
  13  0:12  Probe  
  14  0:17  Pylon  
  14  0:24  Probe (Chrono Boost)  
  15  0:36  Probe (Chrono Boost)  
  15  0:37  Gateway  
  16  0:45  Probe (Chrono Boost)  
  16  0:46  Assimilator  
  17  0:51  Probe  
  18  1:03  Probe  
  19  1:15  Probe  
  20  1:25  Cybernetics Core  
  20  1:31  Nexus  
  20  1:34  Probe  
  21  1:41  Pylon  
  21  1:48  Assimilator  
  21  1:49  Probe  
  21  1:52  Warp Gate  
  22  1:59  Adept (Chrono Boost)  
  22  2:01  Probe  
  25  2:13  Probe  
  26  2:21  Stalker  
  28  2:26  Probe  
  28  2:31  Robotics Facility  
  28  2:38  Probe  
  28  2:39  Gateway  
  29  2:46  Probe  
  29  2:50  Shield Battery  
  30  2:53  Probe (Chrono Boost)  
  32  2:58  Probe (Chrono Boost)  
  32  3:00  Sentry  
  35  3:10  Probe x2 (Chrono Boost)  
  35  3:12  Pylon  
  36  3:18  Immortal (Chrono Boost)  
  40  3:29  Probe x2  
  42  3:34  Gateway  
  42  3:37  Gateway  
  42  3:47  Warp Prism (Chrono Boost)  
  42  3:53  Gateway  
  44  3:56  Sentry  
  44  3:57  Sentry  
  44  4:00  Probe x2  
  50  4:08  Pylon  
  50  4:11  Gateway  
  50  4:13  Probe  
  51  4:19  Probe, Pylon  
  51  4:23  Zealot  
  54  4:27  Pylon  
  54  4:37  Sentry, Zealot x2  
  60  4:43  Probe x2  
  62  4:52  Zealot x2  
  66  4:56  Warp Prism (Chrono Boost)  
  62  5:03  Zealot x3  
  68  5:16  Twilight Council, Stalker  
  68  5:20  Adept  
  72  5:24  Assimilator  
  72  5:26  Assimilator  
  70  5:33  Pylon  
  70  5:45  Sentry x2  
  70  5:46  Zealot x2  
  78  5:50  Pylon x2  
  78  5:52  Zealot  
  78  5:53  Zealot  
  78  5:55  Probe x2  
  84  5:59  Dark Shrine  
  80  6:10  Zealot x4  
  80  6:11  Charge (Chrono Boost)  
  80  6:19  Observer (Chrono Boost)  
  80  6:21  Zealot x2  
  85  6:26  Probe x2  
  85  6:31  Sentry, Zealot  
  91  6:35  Zealot  
  91  6:39  Zealot  
  95  6:43  Probe x2  
  95  6:45  Sentry x2  
  99  7:07  Sentry x2, Zealot x2  
  99  7:08  Zealot x2  
  83  7:24  Probe  
  78  7:30  Dark Templar x2  
  78  7:33  Zealot x4  
  90  7:57  Nexus  
  90  7:58  Pylon  
  90  8:01  Pylon  
  90  8:07  Dark Templar x3  
  90  8:08  Zealot x3  
  102  8:15  Pylon  
  102  8:16  Probe  
  102  8:17  Probe  
  104  8:22  Archon  
  104  8:23  Archon  
  104  8:30  Dark Templar x2, Zealot  
  110  8:35  Archon  
  110  8:36  Zealot  
  110  8:37  Zealot  
  100  9:00  Zealot x6  
  100  9:02  Probe  
  113  9:03  Probe  
  113  9:09  Robotics Bay  
  112  9:20  Zealot x4  
  120  9:29  Dark Templar  
  120  9:31  Zealot  
  124  9:32  Probe  
  124  9:33  Probe x2  
  127  9:42  Shield Battery  
  127  9:43  Forge  
  127  9:47  Probe x3  
  128  10:04  Disruptor (Chrono Boost)  
  128  10:09  Probe x3  
  128  10:10  Assimilator  
  128  10:11  Assimilator  
  134  10:19  Zealot x2  
  134  10:20  Zealot x2  
  140  10:27  Blink (Chrono Boost)  
  134  10:32  Disruptor (Chrono Boost)  
  131  10:40  Zealot  
  131  10:41  Photon Cannon  
  131  10:42  Protoss Ground Weapons Level 1 (Chrono Boost)  
  133  10:46  Photon Cannon  
  133  10:48  Zealot  
  133  10:49  Stalker x3  
  139  11:05  Disruptor (Chrono Boost)  
  139  11:09  Zealot x3  
  136  11:16  Zealot x3  
  116  11:35  Stalker x3  
  116  11:37  Stalker x3  
  116  11:38  Disruptor (Chrono Boost)  
  129  11:59  Stalker x2  
  129  12:00  Stalker  
  133  12:03  Disruptor (Chrono Boost)  
  133  12:05  Stalker x2  
  136  12:31  Stalker x2  
  136  12:33  Pylon  
  136  12:34  Pylon  
  136  12:36  Pylon  
  140  12:38  Pylon  
  140  12:39  Pylon  
  140  12:45  Nexus  
  140  12:48  Pylon  
  140  12:49  Disruptor (Chrono Boost)  
  140  12:50  Pylon  
  140  12:57  Stalker x2  
  140  12:58  Stalker x4  
  142  13:24  Stalker x2  
  142  13:25  Stalker x3  
  139  13:32  Stalker  
Show
View Real Time Build Order
Export as new Build Order

JinairRogue Zerg 

Build Orders: Pool First 

Get SALT Encoding   

  12  0:00  Drone  
  13  0:12  Overlord  
  13  0:16  Drone  
  14  0:30  Drone x2  
  14  0:34  Drone  
  17  0:44  Drone  
  17  0:45  Extractor  
  17  0:49  Spawning Pool  
  16  0:55  Drone  
  17  1:06  Drone  
  18  1:24  Hatchery  
  17  1:27  Drone  
  18  1:37  Zergling x2, Queen  
  21  1:44  Zergling x2  
  22  1:48  Metabolic Boost  
  22  1:53  Overlord  
  22  2:12  Drone x2  
  22  2:13  Queen  
  26  2:24  Zergling x2  
  27  2:33  Hatchery  
  27  2:36  Drone  
  27  2:39  Drone  
  28  2:46  Drone x2  
  30  2:53  Pneumatized Carapace  
  30  2:57  Drone x2  
  32  2:58  Drone  
  32  3:04  Overlord  
  33  3:10  Drone x2  
  35  3:15  Drone  
  36  3:22  Overlord  
  36  3:29  Drone x4  
  36  3:32  Drone  
  41  3:38  Queen, Overlord  
  43  3:43  Drone  
  44  3:50  Queen  
  46  3:57  Zergling x8  
  46  4:00  Zergling x2  
  51  4:06  Drone x4  
  51  4:08  Zergling x2  
  51  4:09  Zergling x2  
  57  4:14  Queen  
  57  4:15  Zergling x2  
  57  4:16  Zergling x2  
  61  4:19  Queen  
  61  4:24  Overlord  
  63  4:25  Zergling x4  
  63  4:29  Zergling x2  
  63  4:30  Overlord  
  66  4:36  Overlord  
  66  4:40  Overlord  
  66  4:43  Zergling x6  
  66  4:44  Queen  
  71  4:52  Zergling x2  
  70  4:53  Zergling x14  
  70  4:55  Zergling x2  
  70  4:57  Zergling x2  
  70  4:59  Zergling x2  
  71  5:02  Zergling x2  
  71  5:03  Lair  
  71  5:06  Zergling x2  
  70  5:10  Drone x3  
  70  5:12  Drone  
  76  5:24  Zergling x6  
  72  5:31  Extractor  
  72  5:32  Extractor, Roach Warren  
  72  5:33  Extractor  
  72  5:34  Zergling x12, Extractor  
  71  5:40  Drone  
  71  5:41  Drone  
  71  5:49  Overlord  
  71  5:50  Zergling x2  
  71  5:51  Queen x2  
  71  5:54  Zergling x10  
  81  6:00  Zergling x2  
  81  6:01  Zergling x4  
  69  6:12  Roach x4  
  69  6:13  Zergling x2, Roach x2  
  69  6:15  Zergling x2  
  83  6:18  Roach  
  83  6:20  Zergling x4  
  83  6:23  Zergling x2  
  88  6:27  Queen, Overlord  
  88  6:30  Overlord  
  90  6:33  Overlord  
  90  6:35  Overseer  
  90  6:42  Overlord  
  90  6:47  Roach  
  90  6:48  Roach  
  90  6:51  Roach x2  
  97  6:59  Roach  
  97  7:00  Roach  
  94  7:03  Roach  
  94  7:04  Zergling x10  
  94  7:06  Roach  
  93  7:12  Roach  
  85  7:16  Roach  
  85  7:20  Roach  
  85  7:24  Drone  
  85  7:25  Drone  
  87  7:30  Drone  
  87  7:31  Drone  
  87  7:32  Overseer  
  89  7:38  Drone x2  
  89  7:42  Drone x3  
  94  7:46  Drone  
  95  7:54  Roach x2  
  95  7:55  Overseer, Roach  
  100  7:59  Roach x2  
  100  8:05  Overlord  
  104  8:11  Overlord  
  104  8:16  Glial Reconstitution  
  104  8:17  Ravager  
  104  8:18  Drone, Evolution Chamber  
  104  8:19  Overlord  
  105  8:25  Drone x6  
  111  8:29  Ravager  
  111  8:30  Roach x2  
  111  8:31  Zergling x2  
  117  8:34  Overlord  
  117  8:37  Roach  
  117  8:38  Zergling x2  
  120  8:42  Overseer  
  117  8:48  Roach  
  117  8:50  Roach  
  117  8:51  Roach x3  
  117  8:53  Roach  
  110  8:57  Roach  
  110  9:00  Roach x2  
  114  9:04  Roach  
  114  9:07  Roach  
  114  9:09  Zergling x2, Ravager  
  120  9:10  Zergling x2  
  120  9:12  Roach  
  120  9:16  Roach  
  125  9:18  Roach  
  125  9:22  Overlord  
  127  9:24  Ravager  
  127  9:25  Roach  
  127  9:26  Roach  
  127  9:31  Overlord  
  132  9:33  Roach x2  
  132  9:37  Roach  
  138  9:39  Overlord  
  138  9:42  Ravager  
  138  9:45  Drone x4  
  143  9:47  Overseer  
  141  9:53  Roach x3  
  143  10:02  Roach x3  
  143  10:03  Drone x2  
  150  10:10  Overseer  
  150  10:12  Drone x4  
  154  10:20  Roach  
  148  10:28  Evolution Chamber  
  148  10:30  Ravager x3  
  148  10:31  Overlord  
  148  10:33  Roach  
  148  10:34  Overseer  
  148  10:41  Roach x2  
  152  10:43  Overlord  
  152  10:51  Roach  
  152  10:55  Roach x5  
  152  10:56  Roach  
  166  10:59  Roach  
  166  11:01  Roach  
  167  11:06  Roach  
  147  11:13  Roach x2  
  147  11:17  Queen x2  
  140  11:19  Roach  
  140  11:22  Roach  
  134  11:26  Roach  
  134  11:31  Roach  
  134  11:32  Roach  
  130  11:36  Drone x4  
  130  11:37  Hydralisk Den  
  130  11:38  Extractor  
  130  11:39  Zerg Missile Weapons Level 1  
  132  11:42  Drone  
  132  11:43  Drone  
  132  11:44  Drone  
  132  11:46  Spine Crawler  
  134  11:53  Roach  
  134  11:55  Drone  
  133  12:03  Drone  
  133  12:08  Lurker Den, Zergling x10  
  124  12:20  Hydralisk x2  
  124  12:21  Hydralisk  
  126  12:26  Hydralisk x2  
  128  12:31  Hatchery  
  128  12:33  Zergling x2  
  128  12:37  Zergling x2  
  128  12:38  Zergling x8  
  128  12:39  Ravager x3  
  128  12:42  Zergling x6  
  139  12:50  Overlord  
  138  12:53  Zergling x4  
  138  12:58  Roach  
  128  12:59  Ravager x2  
  128  13:00  Ravager  
  128  13:01  Roach x2  
  133  13:08  Roach  
  133  13:09  Roach  
  133  13:10  Roach  
  136  13:17  Lurker x2  
  136  13:18  Zergling x4  
  136  13:19  Zergling x12  
Tags
 
Add a new tag
Caveats
  • Supply blocks, unpowered buildings, or Contaminate may cause inaccurate times.
  • Supply counts are checked every 10 seconds.